 Dungeon Crawl Stone Soup version 0.31.0-9-g3a7656b989 (webtiles) character file.

Game seed: 9957434244828196775

8463 qw the Markself (level 11, 0/58 (63) HPs)
             Began as a Deep Elf Hunter on Feb 2, 2024.
             Was a High Priest of Okawaru.
             Slain by a hell rat (11 damage)
             ... on level 1 of the Lair of Beasts.
             The game lasted 00:00:51 (6784 turns).

qw the Markself (Deep Elf Hunter)                   Turns: 6784, Time: 00:00:52

HP:   0/58 (63)     AC:  8    Str:  8    XL:     11   Next: 10%
MP:   17/17         EV: 12    Int: 15    God:    Okawaru [*****.]
Gold: 161           SH:  0    Dex: 18    Spells: 10/10 levels left

rFire   . . .        e - +11 hand cannon of the Foremost Nights {drain, rPois rC+ Str-4}
rCold   + . .        (no shield)
rNeg    . . .        a - +0 ring mail
rPois   +            b - +1 helmet
rElec   .            (no cloak)
rCorr   .            (no gloves)
SInv    .            f - +0 pair of boots
Will    +....        (no amulet)
Stlth   +            (no ring)
HPRegen 0.29/turn    (no ring)
MPRegen 0.15/turn

%: no passive effects
@: lethally poisoned (0 -> -17), about to teleport, drained
A: no striking features
a: Renounce Religion, Heroism, Finesse, Duel


You were on level 1 of the Lair of Beasts.
You worshipped Okawaru.
Okawaru was extremely pleased with you.
You visited 3 branches of the dungeon, and saw 10 of its levels.

You collected 456 gold pieces.
You spent 295 gold pieces at shops.


   Skills:
 - Level 5.1 Fighting
 + Level 18.4 Ranged Weapons
 - Level 2.5 Armour
 - Level 6.0 Dodging
 - Level 1.2 Stealth
 + Level 6.0 Invocations


You had 10 spell levels left.
You didn't know any spells.
Your spell library was empty.

Inventory:

Hand Weapons
 e - the +11 hand cannon of the Foremost Nights (weapon) {drain, rPois rC+ Str-4}
   (You acquired it on level 1 of the Dungeon)

   Str-4:     It affects your strength (-4).
   rC+:       It protects you from cold.
   rPois:     It protects you from poison
Armour
 a - a +0 ring mail (worn)
 b - a +1 helmet (worn)
 f - a +0 pair of boots (worn)
Jewellery
 q - a +6 ring of dexterity
Wands
 g - a wand of roots (9)
 l - a wand of paralysis (11)
 o - a wand of acid (13)
Scrolls
 h - 4 scrolls of teleportation
Potions
 c - 2 potions of heal wounds
 d - 2 potions of mutation
 i - 5 potions of curing
 j - a potion of enlightenment
 k - 2 potions of attraction {unknown}
 m - a potion of might
 n - 2 potions of magic
 p - a potion of haste {unknown}

Dungeon Overview and Level Annotations

Branches:
Dungeon (8/15)             Temple (1/1) D:5            Lair (1/5) D:8

Altars:
Ashenzari
Cheibriados
Dithmenos
Elyvilon
Fedhas
Hepliaklqana
Kikubaaqudgha
Makhleb
Nemelex Xobeh
Okawaru
Qazlal
Ru
Sif Muna
Trog
Uskayaw
Vehumet
Wu Jian
Xom
Yredelemnul
Zin
The Shining One

Shops:
D:4 [   D:7 *

Annotations:
Lair:1 3 runed translucent doors, qw's ghost, journeyman DEHu; qw's ghost, journeyman DjHu; qw's ghost, novice DjHu


Message History

Enter note:
6776 ||| RETREEEEATING.
Enter note:
Enter note:
6777 ||| RETREEEEATING.
You shoot a bolt. The bolt barely misses the hell rat.
The bolt closely misses the water moccasin.
You hear a deafening roar!
A hell rat comes into view.
The hell rat bites you but does no damage.
Enter note:
Enter note:
6779 ||| RETREEEEATING.
The hell rat attacks as it pursues you! The hell rat bites you.
You feel drained.
You shoot a bolt. The bolt hits the hell rat.
The hell rat is heavily wounded.
The water moccasin bites you.
You shoot a bolt. The bolt closely misses the hell rat.
You hear a deafening roar!
The hell rat bites you!
You feel drained. The water moccasin closely misses you.
The hell rat barely misses you. The hell rat misses you.
The water moccasin bites you!
Enter note:
Enter note:
6782 ||| RETREEEEATING.
The hell rat attacks as it pursues you! The hell rat bites you.
You feel drained.
Enter note:
Enter note:
6783 ||| RETREEEEATING.
The hell rat bites you but does no damage.
The hell rat bites you!
6784 ||| READING 5 scrolls of teleportation.
As you read the scroll of teleportation, it crumbles to dust.
You feel strangely unstable. The hell rat barely misses you.
The water moccasin bites you.
You are lethally poisoned!
The water moccasin poisons you! The hell rat bites you!
You die...

...~~~.<~%~~~# #.).##### ###.
..#~%~~~~~~~~.###...#...###...
...~~~~~~~~~~~##...##...#...#.
.#.~~~~~~~~~.##^###......#.#.
#..~~~~~~..#.#....##......#.
......~~.).###.....#....)....
......#............#...#...##
#........###.....###.......#
......# ##@....##........#
.......##rrS..####....#P##
.#P.....##r....###...####
........##...###P...##
...r...r.....##..(..#
.....r##...........##
#..........>......#.#
.r............#.....#
.##.####............#


You could see a water moccasin and 3 hell rats.

Vanquished Creatures
  A boulder beetle (Lair:1)
  6 elephants (Lair:1)
  A troll (D:8)
  A polar bear (Lair:1)
  5 blink frogs (Lair:1)
  4 yaks (D:8)
  3 steam dragons
  8 water moccasins
  2 orc warriors
  2 sky beasts (D:7)
  2 black bears
  2 ogres
  2 wolves (D:8)
  2 phantoms
  A kobold brigand (D:7)
  A gnoll sergeant (D:7)
  2 bullfrogs (D:6)
  3 scorpions
  5 wights (D:7)
  2 howler monkeys (D:6)
  A bombardier beetle (D:3)
  A jelly (D:6)
  2 orc priests
  8 hounds
  A gnoll bouda (D:7)
  A sleepcap (D:7)
  An iguana (D:6)
  7 orc wizards
  9 gnolls (D:7)
  5 adders
  2 shadow imps
  A white imp (D:6)
  2 ufetubi (D:6)
  2 dart slugs (D:1)
  2 ribbon worms
  37 orcs
  12 endoplasms
  2 giant cockroaches (D:2)
  9 goblins
  6 hobgoblins
  10 jackals
  24 kobolds
  8 quokkas
  18 ball pythons
  11 bats
  3 frilled lizards
  6 rats
246 creatures vanquished.

Vanquished Creatures (others)
  A human (D:3)
1 creature vanquished.

Grand Total: 247 creatures vanquished

Notes
Turn   | Place    | Note
-------+----------+-------------------------------------------
     0 | D:1      | qw the Deep Elf Hunter began the quest for the Orb.
     0 | D:1      | Reached XP level 1. HP: 12/12 MP: 3/3
     0 | D:1      | 0 ||| qw: Version: 0.3-a-155-g5e7d8dd
     0 | D:1      | 0 ||| qw: Game counter: 424
     0 | D:1      | 0 ||| qw: Melee chars always use a shield: true
     0 | D:1      | 0 ||| qw: God list: Okawaru
     0 | D:1      | 0 ||| qw: Allow faded altars: false
     0 | D:1      | 0 ||| qw: Do Orc after clearing Dungeon:15 true
     0 | D:1      | 0 ||| qw: Do second Lair branch before Depths: true
     0 | D:1      | 0 ||| qw: Lair rune preference: random
     0 | D:1      | 0 ||| qw: Goals: Normal
     0 | D:1      | 0 ||| PLANNING D:1-11
   158 | D:1      | Reached skill level 6 in Ranged Weapons
   158 | D:1      | Reached XP level 2. HP: 11/16 MP: 4/4
   160 | D:1      | HP: 2/16 [frozen (3)]
   330 | D:1      | Reached XP level 3. HP: 20/20 MP: 5/5
   816 | D:1      | 816 ||| READING scroll labelled JICKA VIEKE.
   816 | D:1      | Identified a scroll of acquirement
   816 | D:1      | 816 ||| ACQUIRING +11 hand cannon of the Foremost Nights
                  | {drain, rPois rC+ Str-4}
   816 | D:1      | Acquired the +11 hand cannon of the Foremost Nights {drain,
                  | rPois rC+ Str-4}
   818 | D:1      | 818 ||| SWAPPING to +11 hand cannon of the Foremost Nights
                  | {drain, rPois rC+ Str-4}.
   819 | D:1      | 819 ||| DROPPING +0 shortbow.
   820 | D:1      | 820 ||| READING scroll labelled UPNORR XUUCLI.
   820 | D:1      | 820 ||| IDENTIFYING orange potion
   821 | D:1      | 821 ||| READING scroll labelled VUAR MIUTEEME.
   822 | D:1      | 822 ||| DROPPING scroll of butterflies.
   888 | D:2      | Reached skill level 7 in Ranged Weapons
  1244 | D:2      | Reached XP level 4. HP: 25/25 MP: 6/6
  1621 | D:2      | 1621 ||| READING 3 scrolls of identify.
  1621 | D:2      | 1621 ||| IDENTIFYING sapphire potion
  1622 | D:2      | 1622 ||| READING 2 scrolls of identify.
  1622 | D:2      | 1622 ||| IDENTIFYING red potion
  1623 | D:2      | 1623 ||| READING scroll of identify.
  1623 | D:2      | 1623 ||| IDENTIFYING 2 fuming cyan potions
  1624 | D:2      | 1624 ||| READING scroll labelled KUIT VUONIASIO.
  1628 | D:2      | 1628 ||| READING scroll labelled DOLIAW HIXALL.
  1729 | D:2      | 1729 ||| READING scroll labelled ZOFOUN EQAIST.
  1730 | D:2      | 1730 ||| READING scroll labelled NAKLYT SARENUE.
  1731 | D:2      | 1731 ||| READING scroll labelled ZUOHURE SEAKA.
  1732 | D:2      | 1732 ||| DROPPING 2 potions of lignification.
  1733 | D:2      | 1733 ||| DROPPING potion of invisibility.
  1772 | D:3      | Reached skill level 8 in Ranged Weapons
  1775 | D:3      | Reached XP level 5. HP: 22/29 MP: 7/7
  1983 | D:3      | 1983 ||| FLEEEEING.
  1984 | D:3      | 1984 ||| FLEEEEING.
  1985 | D:3      | 1985 ||| FLEEEEING.
  1986 | D:3      | 1986 ||| FLEEEEING.
  1988 | D:3      | 1988 ||| FLEEEEING.
  2064 | D:3      | Found an ancient bone altar of Kikubaaqudgha.
  2064 | D:3      | Noticed a human
  2069 | D:3      | Killed a human
  2080 | D:3      | Reached skill level 9 in Ranged Weapons
  2197 | D:3      | Reached skill level 3 in Dodging
  2521 | D:3      | 2521 ||| UPGRADING to +0 ring mail.
  2531 | D:3      | 2531 ||| DROPPING +0 leather armour.
  2532 | D:3      | 2532 ||| READING scroll of identify.
  2532 | D:3      | 2532 ||| IDENTIFYING white potion
  2533 | D:3      | 2533 ||| READING scroll labelled XAUTHRA AMEOSS.
  2534 | D:3      | 2534 ||| READING 3 scrolls labelled NENIOFR JORY.
  2535 | D:3      | 2535 ||| DROPPING 2 scrolls of immolation.
  2536 | D:3      | 2536 ||| DROPPING potion of ambrosia.
  2562 | D:4      | Found a white marble altar of Elyvilon.
  2562 | D:4      | Found a hide-covered altar of Uskayaw.
  2565 | D:4      | Reached XP level 6. HP: 36/36 MP: 8/8
  2578 | D:4      | Found Yfaapy's Antique Armour Shoppe.
  2586 | D:4      | 2586 ||| BUYING helmet (135 gold).
  2586 | D:4      | Bought a helmet for 135 gold pieces
  2586 | D:4      | 2586 ||| SHOPLISTING transparent scale mail (270 gold, have
                  | 38).
  3126 | D:4      | 3126 ||| UPGRADING to +0 helmet.
  3131 | D:4      | 3131 ||| READING scroll of identify.
  3131 | D:4      | 3131 ||| IDENTIFYING 2 brown potions
  3144 | D:5      | Entered Level 5 of the Dungeon
  3180 | D:5      | Noticed a water moccasin
  3183 | D:5      | Killed a water moccasin
  3289 | D:5      | Reached skill level 10 in Ranged Weapons
  3309 | D:5      | Reached skill level 1 in Armour
  3309 | D:5      | Reached XP level 7. HP: 40/40 MP: 9/9
  3560 | D:5      | 3560 ||| UPGRADING to +0 pair of boots.
  3565 | D:5      | 3565 ||| READING 2 scrolls of identify.
  3565 | D:5      | 3565 ||| IDENTIFYING cyan potion
  3566 | D:5      | 3566 ||| READING scroll of identify.
  3566 | D:5      | 3566 ||| IDENTIFYING ruby potion
  3567 | D:5      | 3567 ||| DROPPING potion of magic.
  3617 | D:6      | Reached skill level 11 in Ranged Weapons
  3639 | D:6      | 3639 ||| RETREEEEATING.
  3647 | D:6      | Reached skill level 12 in Ranged Weapons
  3648 | D:6      | Reached XP level 8. HP: 42/45 MP: 10/10
  3650 | D:6      | Reached skill level 3 in Fighting
  4071 | D:6      | 4071 ||| DRINKING 2 green potions.
  4072 | D:6      | 4072 ||| DROPPING potion of brilliance.
  4080 | D:5      | Found a staircase to the Ecumenical Temple.
  4081 | D:5      | 4081 ||| PLANNING TEMPLE
  4085 | Temple   | Entered the Ecumenical Temple
  4086 | Temple   | 4086 ||| PLANNING OKAWARU WORSHIP
  4170 | Temple   | Became a worshipper of Warmaster Okawaru
  4171 | Temple   | 4171 ||| PLANNING D:1-11
  4257 | D:5      | 4257 ||| Stepping randomly (stuck).
  4258 | D:5      | 4258 ||| Stepping randomly (stuck).
  4259 | D:5      | 4259 ||| Stepping randomly (stuck).
  4260 | D:5      | 4260 ||| Stepping randomly (stuck).
  4261 | D:5      | 4261 ||| Stepping randomly (stuck).
  4262 | D:5      | 4262 ||| Stepping randomly (stuck).
  4263 | D:5      | 4263 ||| Stepping randomly (stuck).
  4264 | D:5      | 4264 ||| Stepping randomly (stuck).
  4265 | D:5      | 4265 ||| Stepping randomly (stuck).
  4266 | D:5      | 4266 ||| Stepping randomly (stuck).
  4267 | D:5      | 4267 ||| Stepping randomly (stuck).
  4268 | D:5      | 4268 ||| Stepping randomly (stuck).
  4269 | D:5      | 4269 ||| Stepping randomly (stuck).
  4270 | D:5      | 4270 ||| Stepping randomly (stuck).
  4271 | D:5      | 4271 ||| Stepping randomly (stuck).
  4272 | D:5      | 4272 ||| Stepping randomly (stuck).
  4273 | D:5      | 4273 ||| Stepping randomly (stuck).
  4274 | D:5      | 4274 ||| Stepping randomly (stuck).
  4275 | D:5      | 4275 ||| Stepping randomly (stuck).
  4276 | D:5      | 4276 ||| Stepping randomly (stuck).
  4277 | D:5      | 4277 ||| Stepping randomly (stuck).
  4278 | D:5      | 4278 ||| Stepping randomly (stuck).
  4279 | D:5      | 4279 ||| Stepping randomly (stuck).
  4280 | D:5      | 4280 ||| Stepping randomly (stuck).
  4281 | D:5      | 4281 ||| Stepping randomly (stuck).
  4282 | D:5      | 4282 ||| Stepping randomly (stuck).
  4283 | D:5      | 4283 ||| Stepping randomly (stuck).
  4284 | D:5      | 4284 ||| Stepping randomly (stuck).
  4285 | D:5      | 4285 ||| Stepping randomly (stuck).
  4286 | D:5      | 4286 ||| Stepping randomly (stuck).
  4287 | D:5      | 4287 ||| Stepping randomly (stuck).
  4288 | D:5      | 4288 ||| Stepping randomly (stuck).
  4289 | D:5      | 4289 ||| Stepping randomly (stuck).
  4290 | D:5      | 4290 ||| Stepping randomly (stuck).
  4291 | D:5      | 4291 ||| Stepping randomly (stuck).
  4292 | D:5      | 4292 ||| Stepping randomly (stuck).
  4293 | D:5      | 4293 ||| Stepping randomly (stuck).
  4294 | D:5      | 4294 ||| Stepping randomly (stuck).
  4295 | D:5      | 4295 ||| Stepping randomly (stuck).
  4296 | D:5      | 4296 ||| Stepping randomly (stuck).
  4297 | D:5      | 4297 ||| Stepping randomly (stuck).
  4298 | D:5      | 4298 ||| Stepping randomly (stuck).
  4299 | D:5      | 4299 ||| Stepping randomly (stuck).
  4300 | D:5      | 4300 ||| Stepping randomly (stuck).
  4301 | D:5      | 4301 ||| Stepping randomly (stuck).
  4302 | D:5      | 4302 ||| Stepping randomly (stuck).
  4303 | D:5      | 4303 ||| Stepping randomly (stuck).
  4304 | D:5      | 4304 ||| Stepping randomly (stuck).
  4305 | D:5      | 4305 ||| Stepping randomly (stuck).
  4306 | D:5      | 4306 ||| Stepping randomly (stuck).
  4307 | D:5      | 4307 ||| Stepping randomly (stuck).
  4308 | D:5      | 4308 ||| READING 7 scrolls of teleportation.
  4447 | D:6      | Reached skill level 13 in Ranged Weapons
  4518 | D:6      | Found a bloodstained altar of Trog.
  4591 | D:7      | HP: 9/43 [wight/+2 flail (8)]
  4592 | D:7      | 4592 ||| READING 6 scrolls of teleportation.
  4593 | D:7      | 4593 ||| DRINKING 3 potions of heal wounds.
  4597 | D:7      | Reached skill level 14 in Ranged Weapons
  4739 | D:7      | Reached * piety under Okawaru
  4775 | D:7      | Reached skill level 1 in Invocations
  4850 | D:7      | 4850 ||| RETREEEEATING.
  4851 | D:7      | 4851 ||| RETREEEEATING.
  4853 | D:7      | 4853 ||| RETREEEEATING.
  4854 | D:7      | 4854 ||| RETREEEEATING.
  4858 | D:7      | Reached XP level 9. HP: 32/50 MP: 10/12
  5046 | D:7      | 5046 ||| Stepping ~*~*~tactically~*~*~ (cloud).
  5155 | D:7      | Found Heclum's General Store.
  5158 | D:7      | 5158 ||| BUYING 2 potions of magic (160 gold).
  5158 | D:7      | Bought 2 potions of magic for 160 gold pieces
  5188 | D:7      | Reached skill level 3 in Invocations
  5248 | D:7      | 5248 ||| FLEEEEING.
  5249 | D:7      | 5249 ||| FLEEEEING.
  5250 | D:7      | 5250 ||| FLEEEEING.
  5251 | D:7      | 5251 ||| FLEEEEING.
  5252 | D:7      | 5252 ||| FLEEEEING.
  5253 | D:7      | 5253 ||| FLEEEEING.
  5255 | D:7      | 5255 ||| FLEEEEING.
  5256 | D:7      | 5256 ||| FLEEEEING.
  5257 | D:7      | 5257 ||| FLEEEEING.
  5258 | D:7      | 5258 ||| FLEEEEING.
  5259 | D:7      | 5259 ||| FLEEEEING.
  5260 | D:7      | 5260 ||| FLEEEEING.
  5261 | D:7      | 5261 ||| FLEEEEING.
  5262 | D:7      | 5262 ||| FLEEEEING.
  5263 | D:7      | 5263 ||| FLEEEEING.
  5264 | D:7      | 5264 ||| FLEEEEING.
  5265 | D:7      | 5265 ||| FLEEEEING.
  5266 | D:7      | 5266 ||| FLEEEEING.
  5267 | D:7      | 5267 ||| FLEEEEING.
  5268 | D:7      | 5268 ||| FLEEEEING.
  5571 | D:7      | 5571 ||| READING scroll labelled VUMMOCKOJAM.
  5571 | D:7      | 5571 ||| ENCHANTING +0 helmet.
  5572 | D:7      | 5572 ||| DRINKING 2 dark potions.
  5573 | D:7      | 5573 ||| DRINKING 2 pink potions.
  5574 | D:7      | 5574 ||| DROPPING potion of degeneration.
  5593 | D:8      | Identified the +2 spear "Taesic" {drain, Stlth+}
  5622 | D:8      | 5622 ||| RETREEEEATING.
  5623 | D:8      | 5623 ||| RETREEEEATING.
  5626 | D:8      | Reached skill level 15 in Ranged Weapons
  5627 | D:8      | 5627 ||| RETREEEEATING.
  5628 | D:8      | 5628 ||| RETREEEEATING.
  5629 | D:8      | 5629 ||| RETREEEEATING.
  5630 | D:8      | 5630 ||| RETREEEEATING.
  5631 | D:8      | Reached ** piety under Okawaru
  5848 | D:8      | Paralysed by something for 5 turns
  5855 | D:8      | Noticed a troll
  5856 | D:8      | 5856 ||| INVOKING Heroism.
  5859 | D:8      | Killed a troll
  5860 | D:8      | Reached skill level 16 in Ranged Weapons
  5950 | D:8      | Found a staircase to the Lair.
  6021 | D:8      | Reached XP level 10. HP: 56/56 MP: 15/15
  6021 | D:8      | Reached *** piety under Okawaru
  6285 | D:8      | 6285 ||| PLANNING LAIR
  6307 | Lair:1   | Entered Level 1 of the Lair of Beasts
  6312 | Lair:1   | Noticed a boulder beetle
  6316 | Lair:1   | 6316 ||| STAIRDANCE
  6320 | D:8      | Reached skill level 17 in Ranged Weapons
  6348 | Lair:1   | 6348 ||| INVOKING Heroism.
  6350 | Lair:1   | Killed a boulder beetle
  6372 | Lair:1   | 6372 ||| RETREEEEATING.
  6373 | Lair:1   | 6373 ||| RETREEEEATING.
  6374 | Lair:1   | 6374 ||| RETREEEEATING.
  6376 | Lair:1   | 6376 ||| RETREEEEATING.
  6377 | Lair:1   | 6377 ||| RETREEEEATING.
  6379 | Lair:1   | 6379 ||| RETREEEEATING.
  6380 | Lair:1   | 6380 ||| INVOKING Heroism.
  6390 | Lair:1   | Reached skill level 18 in Ranged Weapons
  6392 | Lair:1   | Reached **** piety under Okawaru
  6394 | Lair:1   | Reached skill level 6 in Dodging
  6458 | Lair:1   | Found a runed translucent gate.
  6458 | Lair:1   | Found a runed translucent gate.
  6458 | Lair:1   | Found a runed translucent gate.
  6458 | Lair:1   | Noticed qw's ghost (novice DjHu)
  6458 | Lair:1   | Noticed qw's ghost (journeyman DjHu)
  6459 | Lair:1   | Noticed qw's ghost (journeyman DEHu)
  6495 | Lair:1   | Noticed an elephant
  6495 | Lair:1   | Noticed an elephant
  6496 | Lair:1   | 6496 ||| RETREEEEATING.
  6497 | Lair:1   | 6497 ||| RETREEEEATING.
  6498 | Lair:1   | 6498 ||| RETREEEEATING.
  6499 | Lair:1   | 6499 ||| RETREEEEATING.
  6500 | Lair:1   | 6500 ||| INVOKING Finesse.
  6504 | Lair:1   | Noticed an elephant
  6506 | Lair:1   | Killed an elephant
  6506 | Lair:1   | Noticed an elephant
  6506 | Lair:1   | Noticed an elephant
  6508 | Lair:1   | Noticed an elephant
  6513 | Lair:1   | Killed an elephant
  6521 | Lair:1   | Killed an elephant
  6526 | Lair:1   | Killed an elephant
  6527 | Lair:1   | Reached XP level 11. HP: 48/63 MP: 12/17
  6533 | Lair:1   | Reached ***** piety under Okawaru
  6534 | Lair:1   | Reached skill level 6 in Invocations
  6773 | Lair:1   | 6773 ||| RETREEEEATING.
  6774 | Lair:1   | 6774 ||| RETREEEEATING.
  6776 | Lair:1   | 6776 ||| RETREEEEATING.
  6777 | Lair:1   | 6777 ||| RETREEEEATING.
  6779 | Lair:1   | 6779 ||| RETREEEEATING.
  6782 | Lair:1   | 6782 ||| RETREEEEATING.
  6783 | Lair:1   | 6783 ||| RETREEEEATING.
  6783 | Lair:1   | HP: 13/58 [hell rat (9)]
  6784 | Lair:1   | 6784 ||| READING 5 scrolls of teleportation.
  6784 | Lair:1   | Slain by a hell rat

Levels and vault maps discovered:
D:1:      lightli_arrival_farm, layout_loops_ring
D:2:      minmay_thinvault, layout_basic
D:3:      layout_loops_ring, tgw_kikubaaqudgha, minmay_tree_intersection
D:4:      layout_loops_ring, chequers_temple_overflow_statue_of_worship,
          serial_shops, shop_fountains, serial_library_regret_index_multi
D:5:      layout_cave_pools, minmay_temple_entry_from_below_a, serial_park,
          serial_park_tiny_1, serial_park_gazebo [serial_park_minivault_5x5_2],
          serial_park_tiny_pond, serial_park_avenue1, serial_park_tiny_pond
D:6:      layout_loops_cross, trog_hazing_becter
D:7:      layout_rooms, serial_shops, shop, st_stairs_5
D:8:      layout_loops_cross, erik_lair_island
Temple:   minmay_crystal_spiral_temple
Lair:1:   layout_misc_corridors, gammafunk_ghost_cemetery,
          chequers_serial_rivers_micro_d, infiniplex_staircase_pool_2

Skill      XL: |  1  2  3  4  5  6  7  8  9 10 11 |
---------------+----------------------------------+-----
Ranged Weapons | 6 7 8 9 10 12 14 16 18 | 18.4
Dodging        | 3 4 6 |  6.0
Fighting       | 2 3 4 5 |  5.1
Armour         | 1 2 |  2.5
Invocations    | 1 4 5 6 |  6.0
Stealth        | |  1.2

Action                     |  1- 3 |  4- 6 |  7- 9 | 10-12 || total
---------------------------+-------+-------+-------+-------++-------
   Fire: Shortbow          |   101 |       |       |       ||   101
         Hand cannon       |    35 |   102 |   187 |    78 ||   402
 Invoke: Heroism           |       |       |     1 |     2 ||     3
         Finesse           |       |       |       |     1 ||     1
    Use: Scroll            |     3 |    12 |     5 |     1 ||    21
         Potion            |       |       |     4 |       ||     4
 Armour: Leather armour    |    25 |    17 |       |       ||    42
         Ring mail         |       |     2 |    77 |    31 ||   110
  Dodge: Dodged            |    41 |    19 |    53 |    17 ||   130

Table legend:
 A = Non-vault XP
 B = Vault XP
 C = Vault XP percentage of total XP
 D = Non-vault monster count
 E = Vault monster count
 F = Vault count percentage of total count
                 A         B        C        D         E       F
            +---------+---------+-------+---------+---------+-------
      Total |   11116 |     974 |   8.1 |     214 |      32 |  13.0
            +---------+---------+-------+---------+---------+-------
        D:1 |      60 |       0 |   0.0 |      34 |       0 |   0.0
        D:2 |      40 |      33 |  45.2 |      25 |      14 |  35.9
        D:3 |     243 |       0 |   0.0 |      38 |       0 |   0.0
        D:4 |     104 |       0 |   0.0 |      10 |       0 |   0.0
        D:5 |     480 |       0 |   0.0 |       8 |       0 |   0.0
        D:6 |    1019 |      12 |   1.2 |      29 |       6 |  17.1
        D:7 |    1533 |     131 |   7.9 |      37 |       3 |   7.5
        D:8 |    1829 |     798 |  30.4 |      16 |       9 |  36.0
     Lair:1 |    5808 |       0 |   0.0 |      17 |       0 |   0.0
            +---------+---------+-------+---------+---------+-------
